 Dungeon Crawl Stone Soup version 0.32-a0-868-g153ae1a8d6 (webtiles) character file.

Game seed: 17305081792353570649

35301 Griffin23 the Fencer (level 13, -1/119 HPs)
             Began as a Minotaur Fighter on Mar 28, 2024.
             Was an Initiate of Gozag.
             Slain by a yak (13 damage)
             ... on level 5 of the Lair of Beasts.
             The game lasted 00:39:41 (21002 turns).

Griffin23 the Fencer (Minotaur Fighter)            Turns: 21002, Time: 00:39:50

Health: -1/119     AC: 17    Str: 27    XL:     13   Next: 46%
Magic:  27/27      EV:  7    Int: 11    God:    Gozag
Gold:   1949       SH:  6    Dex:  9    Spells: 12/12 levels left

rFire   . . .        G - +4 double sword
rCold   . . .        c - +0 buckler
rNeg    . . .        m - +0 plate armour
rPois   .            (helmet restricted)
rElec   .            (no cloak)
rCorr   .            (no gloves)
SInv    .            K - +0 pair of boots
Will    .....        J
                       - Hermit's Pendant {Faith Invo=14 Evo=0 MP+5} Stlth
                     v - +4 ring of slaying
HPRegen 0.39/turn    w - +6 ring of intelligence
MPRegen 0.20/turn

%: faith
@: about to teleport, gold aura
A: horns 2, retaliatory headbutt
a: Renounce Religion, Potion Petition, Call Merchant, Bribe Branch


You were on level 5 of the Lair of Beasts.
You worshipped Gozag.
Gozag was most pleased with you.
You visited 3 branches of the dungeon, and saw 16 of its levels.

You collected 4030 gold pieces.
You paid 2081 gold pieces to Gozag.

Inventory:

Hand Weapons
 a - a +0 long sword
 G - a +4 double sword (weapon)
Missiles
 A - 2 throwing nets (quivered)
 I - 9 javelins
Armour
 b - a +0 scale mail
 c - a +0 buckler (worn)
 m - a +0 plate armour (worn)
 K - a +0 pair of boots (worn)
 L - a +0 chain mail
Jewellery
 g - a +6 ring of intelligence
 o - a ring of fire
 p - an amulet of faith
 v - a +4 ring of slaying (left hand)
 w - a +6 ring of intelligence (right hand)
 J - the Hermit's Pendant (around neck) {Faith Invo=14 Evo=0 MP+5}
   (You found it on level 8 of the Dungeon)

   [amulet of faith]

   Invo=14: It sets your Invocations skill to 14.
   Evo=0: It sets your Evocations skill to 0.
   Faith:     It allows you to gain divine favour quickly.
   MP+5:      It affects your magic capacity (+5).
 N - a +6 ring of dexterity
Wands
 t - a wand of charming (12)
 E - a wand of digging (8)
 F - a wand of warping (25)
 P - a wand of flame (12)
Scrolls
 e - a scroll of enchant weapon
 i - a scroll of identify
 l - 4 scrolls of immolation
 q - a scroll of fear {unknown}
 r - 7 scrolls of teleportation
 u - a scroll of silence {unknown}
 y - 3 scrolls of enchant armour
 B - 3 scrolls of poison
 C - a scroll of brand weapon {unknown}
 D - 5 scrolls of vulnerability
 O - a scroll of amnesia {unknown}
 Q - a scroll of revelation {unknown}
 T - a scroll of fog {unknown}
Potions
 d - 4 potions of might
 f - 4 potions of curing
 h - 2 potions of resistance
 j - a potion of attraction {unknown}
 k - 3 potions of berserk rage
 n - 4 potions of magic
 s - a potion of lignification {unknown}
 x - a potion of mutation {unknown}
 z - 6 potions of ambrosia
 H - a potion of haste {unknown}
 R - a potion of heal wounds


   Skills:
 + Level 12.8 Fighting
 * Level 16.7 Long Blades
 + Level 12.9 Armour
 + Level 12.8 Shields
 - Level 5.1(0.0) Evocations


You had 12 spell levels left.
You didn't know any spells.
Your spell library contained the following spells:

 Spells                   Type           Power      Damage    Failure   Level
 Freeze                   Ice            0%         1d3       96%         1
 Magic Dart               Conj           0%         1d3       96%         1
 Summon Small Mammal      Summ           0%         N/A       96%         1
 Call Imp                 Summ           0%         N/A       99%         2
 Ensorcelled Hibernation  Hex/Ice        0%         N/A       99%         2
 Searing Ray              Conj           0%         2d4       99%         2
 Sublimation of Blood     Necr           0%         N/A       99%         2
 Call Canine Familiar     Summ           0%         N/A       100%        3
 Frozen Ramparts          Ice            0%         1d1       100%        3
 Fugue of the Fallen      Necr           0%         N/A       100%        3
 Hailstorm                Conj/Ice       0%         3d5       100%        3
 Passwall                 Erth           0%         N/A       100%        3
 Volatile Blastmotes      Fire/Tloc      0%         2d10      100%        3
 Anguish                  Hex/Necr       0%         N/A       100%        4
 Fulminant Prism          Conj/Alch      0%         3d5       100%        4
 Leda's Liquefaction      Alch/Erth      0%         N/A       100%        4
 Petrify                  Alch/Erth      0%         N/A       100%        4
 Summon Blazeheart Golem  Fire/Summ      0%         N/A       100%        4
 Vhi's Electric Charge    Tloc/Air       0%         N/A       100%        4
 Metabolic Englaciation   Hex/Ice        0%         N/A       100%        5
 Summon Forest            Summ/Tloc      0%         N/A       100%        5
 Summon Mana Viper        Hex/Summ       0%         N/A       100%        5
 Bombard                  Conj/Erth      0%         9d1       100%        6
 Sculpt Simulacrum        Ice/Alch       0%         N/A       100%        6
 Summon Cactus Giant      Summ           0%         N/A       100%        6
 Ozocubu's Refrigeration  Ice            0%         4d7       100%        7
 Summon Hydra             Summ           0%         N/A       100%        7
 Polar Vortex             Ice            0%         N/A       100%        9


Dungeon Overview and Level Annotations

Branches:
Dungeon (10/15)            Temple (1/1) D:4            Lair (5/5) D:10
 Shoals (0/4) Lair:2        Snake (0/4) Lair:2        Slime (0/5) Lair:4
    Orc: D:9-12

Altars:
Ashenzari
Cheibriados
Dithmenos
Elyvilon
Fedhas
Gozag
Hepliaklqana
Kikubaaqudgha
Makhleb
Nemelex Xobeh
Okawaru
Qazlal
Ru
Sif Muna
Trog
Uskayaw
Vehumet
Wu Jian
Xom
Yredelemnul
Zin
The Shining One
Beogh
Jiyva

Shops:
D:7 *   D:8 [   Lair:1 [

Annotations:
Lair:1 2 transporters
Lair:2 3 runed translucent doors, lobsterkj's ghost, journeyman DrBe


Innate Abilities, Weirdness & Mutations

You have a pair of horns on your head.
You reflexively headbutt those who attack you in melee.


Message History

The volley of spikes skewers you but does no damage.
You block the yak's attack.
You slice the yak!!
You kill the yak!
The death yak gores you! The manticore bites you!
The manticore claws you but does no damage.
You block the manticore's attack.
You see here 15 gold pieces.
Unknown command.
You hit the death yak.
The death yak is lightly wounded.
You block the death yak's attack.
The death yak is distracted by your dazzling golden aura.
The manticore bites you.
The manticore claws you but does no damage. x2
The death yak bellows!
You slash the death yak!
The death yak is lightly wounded.
You block the death yak's attack. You block the manticore's attack.
The manticore claws you! The manticore claws you.
You slash the death yak!
You headbutt the death yak, but do no damage.
The death yak is moderately wounded.
You slash the death yak!
The death yak is heavily wounded.
The death yak gores you!! The manticore bites you! The manticore claws you.
* * * LOW HITPOINT WARNING * * *
The manticore claws you but does no damage.
Unknown command.
You are too injured to fight recklessly!
You are too injured to fight recklessly!
You are too injured to fight recklessly!
As you read the scroll of teleportation, it crumbles to dust.
You feel strangely unstable.
The death yak is no longer distracted by gold.
The death yak gores you!!
* * * LOW HITPOINT WARNING * * *
The yak gores you!
You die...
Your body crumbles into a pile of gold.

###......##
#P.....##
#PP###...##
#######...##
###.###...#
##.....##..# #.
###...#......##
#..###....P##......#
#..Y@$...####....##
##.YH###.# ###.##
#...## #..# ### ##..
##..# #Y. #... ..#
.... .## .##. ..


You could see 2 death yaks, a manticore and a yak.

Vanquished Creatures
  A hydra (Lair:3)
  A centaur warrior (D:10)
  A catoblepas (Lair:5)
  A death yak (Lair:5)
  A boulder beetle (Lair:5)
  Urug (Lair:1)
  A skeletal warrior (D:10)
  An oklob plant (D:10)
  A merfolk siren (Lair:2)
  15 elephants
  6 black mambas
  Maggie (D:8)
  14 cane toads
  A rime drake (Lair:5)
  6 komodo dragons
  A queen bee (D:9)
  A troll (D:10)
  Grinder (D:3)
  A polar bear (Lair:1)
  A hornet (D:10)
  9 blink frogs
  A shadow (D:10)
  Sigmund (D:3)
  A vampire (D:10)
  3 wyverns
  34 yaks
  2 basilisks
  4 steam dragons
  2 wraiths
  15 water moccasins
  An acid dragon (D:10)
  5 orc warriors
  Pargi (D:3)
  2 ice beasts (D:7)
  2 black bears
  2 sky beasts (D:8)
  4 wolves (Lair:3)
  An ogre (D:6)
  3 centaurs
  A phantom (D:6)
  13 bullfrogs
  2 gnoll sergeants
  2 scorpions (D:5)
  4 wights
  A burial acolyte (D:6)
  26 killer bees
  8 howler monkeys
  16 jellies
  3 hounds
  5 orc priests
  Ijyb (D:3)
  2 gnoll boudas
  3 sleepcaps
  3 iguanas
  7 orc wizards
  7 hell rats (Lair:4)
  33 gnolls
  4 adders
  3 white imps
  2 adder zombies (D:6)
  3 dart slugs
  44 orcs
  3 bats
  3 endoplasms
  A giant cockroach (D:1)
  7 goblins
  2 hobgoblins (D:2)
  25 jackals
  5 kobolds
  4 quokkas
  4 ball pythons
  6 frilled lizards
  2 jackal zombies (D:6)
  4 rats
409 creatures vanquished.

Vanquished Creatures (others)
  A frilled lizard (D:3)
1 creature vanquished.

Grand Total: 410 creatures vanquished

Notes
Turn   | Place    | Note
-------+----------+-------------------------------------------
     0 | D:1      | Griffin23 the Minotaur Fighter began the quest for the Orb.
     0 | D:1      | Reached XP level 1. HP: 19/19 MP: 0/0
   134 | D:1      | Reached XP level 2. HP: 25/27 MP: 1/1
   440 | D:1      | Reached skill level 3 in Long Blades
   840 | D:1      | Reached XP level 3. HP: 27/33 MP: 2/2
  1679 | D:3      | Reached XP level 4. HP: 29/41 MP: 3/3
  1763 | D:3      | Noticed Pargi
  1773 | D:3      | Killed Pargi
  1774 | D:3      | Reached skill level 4 in Long Blades
  1774 | D:3      | Reached XP level 5. HP: 39/47 MP: 4/4
  1890 | D:3      | Noticed Sigmund
  1915 | D:3      | Killed Sigmund
  1916 | D:3      | Reached skill level 5 in Fighting
  1916 | D:3      | Reached skill level 5 in Armour
  1916 | D:3      | Reached skill level 5 in Shields
  1916 | D:3      | Reached XP level 6. HP: 56/56 MP: 5/5
  2001 | D:3      | Noticed Ijyb
  2022 | D:3      | Killed Ijyb
  2128 | D:3      | Noticed Grinder
  2149 | D:3      | Paralysed by Grinder for 2 turns
  2152 | D:3      | Killed Grinder
  2153 | D:3      | Reached skill level 5 in Long Blades
  2153 | D:3      | Reached XP level 7. HP: 29/62 MP: 6/6
  2389 | D:3      | Found a shimmering altar of Xom.
  2780 | D:4      | Found a hazy altar of Hepliaklqana.
  3187 | D:4      | Found a staircase to the Ecumenical Temple.
  3273 | D:4      | Found a blossoming altar of Fedhas.
  3352 | Temple   | Entered the Ecumenical Temple
  3388 | Temple   | Became a worshipper of Gozag Ym Sagoz the Greedy
  3423 | D:5      | Entered Level 5 of the Dungeon
  3532 | D:5      | Found a glowing golden altar of the Shining One.
  3776 | D:5      | Reached skill level 6 in Long Blades
  4002 | D:5      | Reached XP level 8. HP: 71/71 MP: 7/7
  4388 | D:5      | Reached skill level 7 in Long Blades
  5555 | D:6      | Reached skill level 8 in Long Blades
  6343 | D:6      | Found an ancient bone altar of Kikubaaqudgha.
  6487 | D:7      | Reached XP level 9. HP: 63/79 MP: 8/8
  6556 | D:7      | You fall into a shaft and drop 1 floor!
  6566 | D:7      | Found Taboorul's Assorted Antiques.
  6990 | D:7      | Found a radiant altar of Vehumet.
  7198 | D:7      | Reached skill level 9 in Long Blades
  7439 | D:8      | Found a sparkling altar of Nemelex Xobeh.
  7444 | D:8      | Found a sacrificial altar of Ru.
  7751 | D:8      | Found a snail-covered altar of Cheibriados.
  7754 | D:8      | Found the Hermit's Pendant {Faith Invo=14 Evo=0 MP+5}
  7872 | D:8      | Found a bloodstained altar of Trog.
  8244 | D:8      | Noticed Maggie
  8255 | D:8      | Killed Maggie
  8256 | D:8      | Reached skill level 1 in Evocations
  8706 | D:8      | Found a runed translucent door.
  8877 | D:8      | Reached skill level 10 in Long Blades
  8977 | D:8      | Found a roughly hewn altar of Beogh.
  9210 | D:9      | Reached XP level 10. HP: 76/90 MP: 19/19
  9997 | D:9      | Reached skill level 11 in Long Blades
 10694 | D:9      | Reached skill level 12 in Long Blades
 10931 | D:10     | Entered Level 10 of the Dungeon
 11072 | D:10     | Reached XP level 11. HP: 77/99 MP: 20/20
 11340 | D:10     | Found a staircase to the Lair.
 11342 | D:10     | Noticed an oklob plant
 11425 | D:10     | Reached skill level 10 in Armour
 11444 | D:10     | Reached skill level 10 in Fighting
 11622 | D:10     | Noticed a centaur warrior
 11636 | D:10     | Killed a centaur warrior
 11637 | D:10     | Reached skill level 10 in Shields
 11678 | D:10     | Noticed a skeletal warrior
 11698 | D:10     | Killed a skeletal warrior
 13058 | D:10     | Killed an oklob plant
 13059 | D:10     | Reached skill level 13 in Long Blades
 13206 | Lair:1   | Entered Level 1 of the Lair of Beasts
 13271 | Lair:1   | Reached skill level 5 in Evocations
 13442 | Lair:1   | Noticed Urug
 13475 | Lair:1   | Killed Urug
 14541 | Lair:1   | Found a transporter.
 14544 | Lair:1   | Noticed a fire crab
 14545 | Lair:1   | Noticed a fire crab
 14545 | Lair:1   | Noticed a fire crab
 14634 | Lair:1   | Found a transporter.
 14685 | Lair:1   | Reached XP level 12. HP: 106/108 MP: 21/21
 14802 | Lair:1   | Reached skill level 14 in Long Blades
 15489 | Lair:2   | Found a runed translucent gate.
 15489 | Lair:2   | Found a runed translucent gate.
 15489 | Lair:2   | Found a runed translucent gate.
 15495 | Lair:2   | Noticed lobsterkj's ghost (journeyman DrBe)
 15576 | Lair:2   | Found a staircase to the Shoals.
 15672 | Lair:2   | Identified the +11 short sword of Ralielle {spect, rF+++}
 16243 | Lair:2   | Found a staircase to the Snake Pit.
 16611 | Lair:3   | Reached skill level 15 in Long Blades
 16657 | Lair:3   | Noticed an eight-headed hydra
 16666 | Lair:3   | Killed a nine-headed hydra
 17194 | Lair:3   | You fall into a shaft and drop 1 floor!
 18526 | Lair:4   | Found a staircase to the Slime Pits.
 18526 | Lair:4   | Found a viscous altar of Jiyva.
 18794 | Lair:4   | Reached XP level 13. HP: 101/118 MP: 22/22
 19216 | Lair:5   | Entered Level 5 of the Lair of Beasts
 19497 | Lair:5   | Reached skill level 16 in Long Blades
 21002 | Lair:5   | Slain by a yak

Illustrated notes

Levels and vault maps discovered:
D:1:      saegor_arrival_miasma, layout_basic, minmay_stone_trees_small,
          nicolae_figureground_pulse
D:2:      layout_rooms
D:3:      layout_loops_ring, xom_butterflies, uniq_grinder, uniq_ijyb,
          uniq_sigmund, uniq_pargi
D:4:      layout_basic, fedhas_altar_4, mainiacjoe_overflow_alcove_2,
          minmay_temple_entry_proselytizer
D:5:      lemuel_castle_with_subvaults [lemuel_castle_interior_carwin_3],
          layout_basic, amcnicky_altar_gilded
D:6:      layout_basic, lemuel_zombie_altar_kikubaaqudgha,
          grunt_decor_mini_mirrors
D:7:      layout_loops_ring, mainiacjoe_overflow_six_doors_small, serial_rivers,
          chequers_serial_rivers_small_b, chequers_serial_rivers_micro_e,
          chequers_serial_rivers_room_b, chequers_serial_rivers_micro_c,
          chequers_serial_rivers_room_a, chequers_serial_rivers_micro_e,
          serial_shops, nicolae_shop_tiny_glass
D:8:      layout_gridville, lemuel_doored_altar, trog_book,
          mainiacjoe_overflow_catwalk,
          mainiacjoe_overflow_concentric_impassable, lightli_church_of_beogh,
          uniq_maggie
D:9:      layout_roguey, special_room [special_room_bee]
D:10:     nzn_winding_woodlands_medium [nzn_winding_woodlands_5x5_default,
          nzn_winding_woodlands_5x15_sawtooth, nzn_winding_woodlands_hourglass,
          nzn_winding_woodlands_5x5_three,
          nzn_winding_woodlands_center_diamonds,
          nzn_winding_woodlands_5x5_default,
          nzn_winding_woodlands_5x5_perimeter,
          nzn_winding_woodlands_5x15_lazy_stream,
          nzn_winding_woodlands_5x5_checkerboard], layout_loops_cross,
          dpeg_oklobed_lair
Temple:   hellmonk_temple_forest_ring
Lair:1:   gammafunk_cloud_chamber, layout_cave_pods, grunt_megastairs_5,
          uniq_urug
Lair:2:   layout_roguey, mainiacjoe_shoals_entry_four_pools,
          minmay_snake_entry_six_corridors, gammafunk_ghost_necromancy
Lair:3:   layout_chaotic_city
Lair:4:   layout_long_grid, minmay_slime_entry_jelly_boxes,
          lightli_volcano_entry_magma_tube
Lair:5:   evilmike_catoblepas_cave, layout_hall_layers

Skill      XL: |  1  2  3  4  5  6  7  8  9 10 11 12 13 |
---------------+----------------------------------------+-----
Fighting       | 4 5 6 7 8 9 10 12 | 12.8
Armour         | 4 5 6 7 8 9 11 12 | 12.9
Shields        | 4 5 6 7 8 9 10 12 | 12.8
Long Blades    | 3 4 5 6 8 10 12 13 15 16 | 16.7
Evocations     | 2 4 5 |  5.1

Action                     |  1- 3 |  4- 6 |  7- 9 | 10-12 | 13-15 || total
---------------------------+-------+-------+-------+-------+-------++-------
  Melee: Long sword        |   131 |    63 |   510 |   408 |       ||  1112
         Headbutt          |    12 |    13 |   110 |   170 |    53 ||   358
         Double sword      |       |       |       |   341 |   153 ||   494
 Invoke: Potion Petition   |       |       |     1 |     1 |       ||     2
         Call Merchant     |       |       |     1 |     1 |       ||     2
  Evoke: Wand              |       |       |       |    20 |     8 ||    28
    Use: Potion            |       |       |     7 |     4 |     3 ||    14
         Scroll            |       |       |       |     5 |     6 ||    11
   Stab: Distracted        |       |       |     1 |     8 |     1 ||    10
 Armour: Scale mail        |    74 |       |       |       |       ||    74
         Plate armour      |    56 |    80 |   471 |   592 |   187 ||  1386
  Dodge: Dodged            |    67 |    17 |   145 |   195 |    43 ||   467
  Block: Buckler           |    24 |    12 |   153 |   184 |    56 ||   429

Table legend: (Time is in decaauts)
 A = Elapsed time spent in this place.
 B = Non-inter-level travel time spent in this place.
 C = Inter-level travel time spent in this place.
 D = Time resting spent in this place.
 E = Time spent auto-exploring this place.
 F = Levels seen in this place.
 G = Mean time per level.
                   A        B        C        D        E       F      G
               +--------+--------+--------+--------+--------+-----+--------+
         Total |  21029 |  19740 |   1289 |   2762 |  13608 |  16 | 1314.3 |
       Dungeon |  13518 |  12599 |    919 |   1274 |   9005 |  10 | 1351.8 |
        Temple |     44 |      8 |     36 |      0 |      0 |   1 |   44.0 |
          Lair |   7466 |   7133 |    333 |   1488 |   4602 |   5 | 1493.2 |
               +--------+--------+--------+--------+--------+-----+--------+

Top non-repeatable levels by time:
    D:10: 2301 daAuts
     D:5: 2232 daAuts
  Lair:4: 1906 daAuts
     D:8: 1809 daAuts
     D:9: 1762 daAuts
  Lair:1: 1719 daAuts
  Lair:5: 1367 daAuts
  Lair:2: 1277 daAuts
  Lair:3: 1195 daAuts
     D:1: 1125 daAuts
     D:3: 994 daAuts
     D:7: 994 daAuts
     D:6: 957 daAuts
     D:4: 849 daAuts
     D:2: 490 daAuts
